 Dungeon Crawl Stone Soup version 0.28-a0-674-gdaf460b524 (webtiles) character file.

Game seed: 17454216386695710229

3 acebull12 the Magician (level 1, -6/15 HPs)
             Began as a Djinni Fire Elementalist on Oct 17, 2021.
             Mangled by a kobold (16 damage)
             ... on level 1 of the Dungeon.
             The game lasted 00:00:13 (373 turns).

acebull12 the Magician (Djinni Fire Elementalist)    Turns: 373, Time: 00:00:14

Health: -6/15      AC:  2    Str:  7    XL:     1   Next: 55%
Gold:   22         EV: 12    Int: 16    God:
                   SH:  0    Dex: 13

rFire   + + .      SeeInvis .   (no weapon)
rCold   x . .      Faith    .   (no shield)
rNeg    . . .      Spirit   .   a - +0 robe
rPois   ∞          Reflect  .   (no helmet)
rElec   .          Harm     .   (no cloak)
rCorr   .          Rampage  .   (no gloves)
Will    .....                   (boots unavailable)
Stlth   ++........              (no amulet)
HPRegen 0.05/turn               (no ring)
MPRegen 0.00/turn               (no ring)

@: flying
A: sickness immunity, fire resistance 2, cold vulnerability 1, float, innate
caster, hp casting, extra vitality 1
a: no special abilities


You were on level 1 of the Dungeon.
You visited 1 branch of the dungeon, and saw 1 of its levels.

You collected 22 gold pieces.

Inventory:

Armour
 a - a +0 robe (worn)
Scrolls
 b - a scroll of identify {unknown}


   Skills:
 + Level 2.2 Dodging
 + Level 1.6 Stealth
 + Level 2.5 Spellcasting


You couldn't memorise any spells.
You knew the following spells:

 Your Spells              Type           Power      Damage    Failure   Level
a - Foxfire               Conj/Fire      40%        2x1d6     7%          1
b - Scorch                Fire           20%        2d6       11%         2
c - Conjure Flame         Conj/Fire      10%        6-21      21%         3
d - Inner Flame           Hex/Fire       10%        N/A       21%         3
e - Flame Wave            Conj/Fire      10%        3d4       56%         4
Your spell library was empty.

Dungeon Overview and Level Annotations

Branches:
Dungeon (1/15)

Altars:

Shops:
D:1 !


Innate Abilities, Weirdness & Mutations

You are immune to sickness and miasma.
You are immune to poison.
Your flesh is very heat resistant. (rF++)
You are vulnerable to cold. (rC-)
You float through the air rather than walking.
You learn spells naturally, not from books.
Your magical power is your life essence.
You have superior vitality. (+4 HP)


Message History

You conjure some foxfire!
The foxfire hits the frilled lizard.
You kill the frilled lizard!
Key pressed, stopping explore.
Your foxfire dissipates!
Key pressed, stopping explore.
You now have 13 gold pieces.
b - a scroll labelled GYPEIKHU TUTONT
There is an entrance to Pemipryo's Distillery here.
You conjure some foxfire!
You conjure some foxfire!
Your foxfire dissipates! x3
Your foxfire dissipates!
Found a robe.
A ball python comes into view.
Found 9 gold pieces.
A ball python is nearby!
You conjure some foxfire!
You conjure some foxfire!
You conjure some foxfire!
The foxfire hits the ball python.
The ball python is severely wounded.
The ball python hisses angrily.
The foxfire hits the ball python.
You kill the ball python!
You conjure some foxfire!
You conjure some foxfire!
Your foxfire dissipates!
Your foxfire dissipates!
Your foxfire dissipates! x2
Your foxfire dissipates! x2
You now have 22 gold pieces (gained 9).
You reach down and open the door.
A kobold comes into view.
It is wielding a +0 dagger of electrocution.
The kobold shouts!
You conjure some foxfire!
The kobold hits you with a +0 dagger of electrocution.
You conjure some foxfire!
The kobold hits you with a +0 dagger of electrocution.
You are electrocuted!
Ouch! That really hurt!
You die...

.##
#................#
##
#.######.######..#
# #.#.. #..# #.#..
#.## #.#.. #.### #
#.#.. #...# .#
#.#.. #.#.# ..#
#.##K###.#.# ...
#...v@v..#.# ...
##.###v....# ..
####.## #.# #.#
#.# #.# #.# #.#


You could see a kobold (ally target).

Vanquished Creatures
  A ball python (D:1)
  A giant cockroach (D:1)
  A frilled lizard (D:1)
3 creatures vanquished.

Vanquished Creatures (others)
  23 foxfires (D:1)
23 creatures vanquished.

Grand Total: 26 creatures vanquished

Notes
Turn   | Place    | Note
-------+----------+-------------------------------------------
     0 | D:1      | acebull12 the Djinni Fire Elementalist began the quest for
                  | the Orb.
     0 | D:1      | Reached XP level 1. HP: 15/15 MP: 0/0
   121 | D:1      | Found Pemipryo's Distillery.
   373 | D:1      | Mangled by a kobold

Illustrated notes

Levels and vault maps discovered:
D:1:      psy_arrival_spokes, layout_loops_ring,
          shapermc_ecumenical_altar_notcrosses, serial_shops, shop,
          nrook_mini_vaults, corexii_corridor_pit

Action                   || total
-------------------------++-------
 Cast: Foxfire           ||    16

Table legend: (Time is in decaauts)
 A = Elapsed time spent in this place.
 B = Non-inter-level travel time spent in this place.
 C = Inter-level travel time spent in this place.
 D = Time resting spent in this place.
 E = Time spent auto-exploring this place.
 F = Levels seen in this place.
 G = Mean time per level.
                   A        B        C        D        E       F      G
               +--------+--------+--------+--------+--------+-----+--------+
         Total |    373 |    373 |      0 |      0 |    349 |   1 |  373.0 |
       Dungeon |    373 |    373 |      0 |      0 |    349 |   1 |  373.0 |
               +--------+--------+--------+--------+--------+-----+--------+

Top non-repeatable levels by time:
     D:1: 373 daAuts
